 Dungeon Crawl Stone Soup version 0.29-a0-284-gf9362112df (webtiles) character file.

Game seed: 17111459663983186793

30 sokol815 the Chopper (level 3, -1/29 HPs)
             Began as a Demonspawn Monk on Mar 24, 2022.
             Was a Believer of Dithmenos.
             Slain by Terence
             ... wielding a +0 hand axe
              (4 damage)
             ... on level 2 of the Dungeon.
             The game lasted 00:01:59 (1038 turns).

sokol815 the Chopper (Demonspawn Monk)              Turns: 1038, Time: 00:02:00

Health: -1/29      AC:  4    Str: 11    XL:     3   Next: 3%
Magic:  3/3        EV: 12    Int: 13    God:    Dithmenos [**....]
Gold:   62         SH:  0    Dex: 15    Spells: 2/2 levels left

rFire   . . .      SeeInvis .   a - +0 hand axe
rCold   . . .      Faith    .   (no shield)
rNeg    . . .      Spirit   .   b - +0 robe
rPois   .          Reflect  .   (no helmet)
rElec   .          Harm     .   (no cloak)
rCorr   .          Rampage  .   (no gloves)
Will    .....                   c - +0 pair of boots
Stlth   ++........              (no amulet)
HPRegen 0.09/turn               (no ring)
MPRegen 0.08/turn               (no ring)

@: wreathed by umbra
A: sharp scales 1
a: Renounce Religion, Shadow Step


You were on level 2 of the Dungeon.
You worshipped Dithmenos.
Dithmenos was pleased with you.
You visited 1 branch of the dungeon, and saw 2 of its levels.

You collected 75 gold pieces.
You spent 13 gold pieces at shops.

Inventory:

Hand Weapons
 a - a +0 hand axe (weapon)
Missiles
 s - 46 stones (quivered)
Armour
 b - a +0 robe (worn)
 c - a +0 pair of boots (worn)
   (You found it on level 1 of the Dungeon)
Scrolls
 d - a scroll of fog {unknown}


   Skills:
 - Level 3.0 Fighting
 + Level 3.8 Axes
 - Level 2.6 Dodging
 - Level 1.7 Stealth


You had 2 spell levels left.
You didn't know any spells.
Your spell library contained the following spells:

 Spells                   Type           Power      Damage    Failure   Level
 Animate Skeleton         Necr           0%         N/A       30%         1
 Pain                     Necr           0%         1d4       30%         1
 Vampiric Draining        Necr           0%         2d6       67%         3


Dungeon Overview and Level Annotations

Branches:
Dungeon (2/15)

Altars:
Dithmenos

Shops:
D:1 ?

Annotations:
D:2 Terence


Innate Abilities, Weirdness & Mutations

You are partially covered in razor-sharp scales. (AC +1, Slay +1)


Message History

You regained 4 hp, and now have 19/29 hp.
MP restored: 3
s - 36 stones (gained 8)
s - 37 stones (gained 1)
s - 38 stones (gained 1)
There is a stone staircase leading up here.
s - 50 stones (gained 12) Terence the Incautious comes into view.
He is wielding a +0 hand axe and wearing a +3 chain mail of willpower.
Health restored: 29 You throw a stone.
The stone hits Terence but does no damage.
You throw a stone. The stone barely misses Terence.
You throw a stone.
The stone hits Terence but does no damage.
You throw a stone. The stone barely misses Terence.
You hit Terence. Terence hits you with a +0 hand axe.
You take 3 damage, and have 26/29 hp.
You hit Terence but do no damage. Terence hits you with a +0 hand axe.
You take 5 damage, and have 21/29 hp.
You hit Terence. Terence hits you with a +0 hand axe.
You take 5 damage, and have 16/29 hp.
You are too injured to fight recklessly!
You are too injured to fight recklessly!
You are too injured to fight recklessly!
Unknown command.
Okay, then.
You hit Terence but do no damage. Terence closely misses you.
You hit Terence. Terence barely misses you.
You hit Terence but do no damage. Terence closely misses you.
Terence barely misses you.
You barely miss Terence. Terence closely misses you.
You barely miss Terence. You punch Terence, but do no damage.
Terence barely misses you.
You hit Terence but do no damage. Terence hits you with a +0 hand axe!
You take 7 damage, and have 10/29 hp.
MASSIVE DAMAGE!!
You hit Terence but do no damage. Terence hits you with a +0 hand axe!
* * * LOW HITPOINT WARNING * * *
You take 9 damage, and have 1/29 hp.
MASSIVE DAMAGE!!
Really quaff
G - a potion of ambrosia {!q}?
Okay, then.
Really quaff
G - a potion of ambrosia {!q}?
You are confused.
You feel invigorated. Terence closely misses you.
You regained 3 hp, and now have 4/29 hp.
You regained 5 hp, and now have 9/29 hp.
Terence misses you.
You regained 3 hp, and now have 12/29 hp.
Terence closely misses you.
You regained 5 hp, and now have 17/29 hp.
You regained 4 hp, and now have 21/29 hp.
You regained 4 hp, and now have 25/29 hp.
Terence completely misses you.
You see here a stone.
Health restored: 29 Unknown command.
You hit Terence but do no damage. Terence completely misses you.
You hit Terence but do no damage. Terence closely misses you.
Terence attacks as you move away! Terence barely misses you.
You feel less invigorated.
You feel less confused.
You closely miss Terence.
Terence says, "You're history."
Terence closely misses you.
You barely miss Terence. Terence hits you with a +0 hand axe.
You take 2 damage, and have 27/29 hp.
You barely miss Terence. Terence hits you with a +0 hand axe.
Terence closely misses you.
You take 3 damage, and have 24/29 hp.
You hit Terence. Terence screams, "I want your blood!"
Terence completely misses you.
You hit Terence but do no damage. Terence barely misses you.
You hit Terence but do no damage. Terence hits you with a +0 hand axe.
You take 2 damage, and have 22/29 hp.
You hit Terence. Terence hits you with a +0 hand axe.
You take 5 damage, and have 17/29 hp.
You hit Terence but do no damage.
Terence bares his teeth.
Terence hits you with a +0 hand axe.
You take 3 damage, and have 14/29 hp.
You hit Terence but do no damage. Terence barely misses you.
You hit Terence but do no damage. You punch Terence, but do no damage.
Terence barely misses you.
You hit Terence. Terence closely misses you.
You hit Terence but do no damage. Terence hits you with a +0 hand axe.
You take 1 damage, and have 13/29 hp.
You hit Terence but do no damage. Terence hits you with a +0 hand axe!
* * * LOW HITPOINT WARNING * * *
Terence barely misses you.
You take 7 damage, and have 6/29 hp.
MASSIVE DAMAGE!!
You hit Terence but do no damage. Terence hits you with a +0 hand axe.
* * * LOW HITPOINT WARNING * * *
You take 4 damage, and have 2/29 hp.
You hit Terence but do no damage. Terence misses you.
You hit Terence but do no damage. Terence barely misses you.
You hit Terence. Terence hits you with a +0 hand axe.
You die...

...................##..
#....................(..
#.......................
#.............†.........
#.......................
............<...........
#.......................
....((..@.(.............
.......@)(..............
#.......((.............
#.........!............
######..............##
#............###
#............#
#.....?......#
###.......


You could see Terence.

Vanquished Creatures
  A worm (D:2)
  2 dart slugs (D:1)
  3 bats
  3 endoplasms (D:1)
  A giant cockroach (D:1)
  2 goblins
  2 jackals (D:1)
  2 ball pythons (D:1)
  3 frilled lizards (D:1)
  2 kobolds (D:1)
  2 rats (D:1)
23 creatures vanquished.

Notes
Turn   | Place    | Note
-------+----------+-------------------------------------------
     0 | D:1      | sokol815 the Demonspawn Monk began the quest for the Orb.
     0 | D:1      | Reached XP level 1. HP: 18/18 MP: 1/1
    75 | D:1      | Reached skill level 3 in Axes
   224 | D:1      | Gained mutation: You are partially covered in razor-sharp
                  | scales. (AC +1, Slay +1) [demonic ancestry]
   224 | D:1      | Reached XP level 2. HP: 24/24 MP: 2/2
   268 | D:1      | Found Tyrghu's Magic Scroll Shop.
   273 | D:1      | Bought a scroll of noise for 13 gold pieces
   732 | D:1      | Found a faded altar of an unknown god.
   741 | D:1      | Prayed at the altar of an unknown god.
   741 | D:1      | Became a worshipper of Dithmenos the Shadowed
   741 | D:1      | Reached * piety under Dithmenos
   741 | D:1      | Reached ** piety under Dithmenos
   878 | D:2      | Reached XP level 3. HP: 19/29 MP: 3/3
   997 | D:2      | Noticed Terence
  1011 | D:2      | HP: 1/29 [Terence/+0 hand axe (9)]
  1034 | D:2      | HP: 6/29 [Terence/+0 hand axe (7)]
  1035 | D:2      | HP: 2/29 [Terence/+0 hand axe (4)]
  1038 | D:2      | Slain by Terence

Illustrated notes

Levels and vault maps discovered:
D:1:      dpeg_arrival_stonehenge_8_columns, layout_basic,
          hellmonk_ecumenical_altar_run_dry, serial_shops, nicolae_square_shop
D:2:      layout_rooms, uniq_natasha, uniq_terence

Skill      XL: |  1 |
---------------+----+-----
Axes           | 3 |  3.8
Fighting       | |  3.0
Dodging        | |  2.6
Stealth        | |  1.7

Action                   || total
-------------------------++-------
Melee: Hand axe          ||    91
       Punch             ||     2
Throw: Stone             ||    55
  Use: Potion            ||     1
Armor: Robe              ||    18
Dodge: Dodged            ||    70

Table legend: (Time is in decaauts)
 A = Elapsed time spent in this place.
 B = Non-inter-level travel time spent in this place.
 C = Inter-level travel time spent in this place.
 D = Time resting spent in this place.
 E = Time spent auto-exploring this place.
 F = Levels seen in this place.
 G = Mean time per level.
                   A        B        C        D        E       F      G
               +--------+--------+--------+--------+--------+-----+--------+
         Total |   1054 |    991 |     63 |      0 |    772 |   2 |  527.0 |
       Dungeon |   1054 |    991 |     63 |      0 |    772 |   2 |  527.0 |
               +--------+--------+--------+--------+--------+-----+--------+

Top non-repeatable levels by time:
     D:1: 852 daAuts
     D:2: 202 daAuts

Table legend:
 A = Kills in this place as a percentage of kills in entire the game.
 B = Kills by you in this place as a percentage of kills by you in the entire game.
 C = Kills by friends in this place as a percentage of kills by friends in the entire game.
 D = Other kills in this place as a percentage of other kills in the entire game.
 E = Experience gained in this place as a percentage of experience gained in the entire game.
 F = Experience gained in this place divided by the number of levels of this place that you have seen.
                   A       B       C       D       E      F
               +-------+-------+-------+-------+-------+----------------------
         Total | 100.0 | 100.0 |   N/A |   N/A | 100.0 |  21.5
       Dungeon | 100.0 | 100.0 |   N/A |   N/A | 100.0 |  21.5
               +-------+-------+-------+-------+-------+----------------------
